Workbook

Sheet Cover

Sheet Introduction
A7: Purpose Disclosure Worksheet
A8: A planning tool to support structured, authentic, impactful and auditable purpose reporting
A10: Introduction
A11: The Canadian Purpose Economy Project (CPEP) released Disclosing With Purpose: Guidance for Preparers and Users of Purpose Disclosures in 2024 (Purpose Disclosure Guidance Report) to fill the global gap in guidance on purpose disclosures, which introduced the voluntary Purpose Disclosure Framework (Framework). The Framework helps organizations disclose how their social purpose is embedded in critical areas such as strategy, governance, culture and performance measurement – enabling report users to hold them accountable. The Framework is introduced on page 16 of the Purpose Disclosure Guidance Report, which is available for download (see the References sheet).
A13: This Purpose Disclosure Worksheet draws from the Framework to assist preparers of purpose disclosures in identifying what to report and where reporting gaps exist.
A15: It includes the disclosure elements, disclosure objectives, and illustrative qualitative and quantitative examples from the Framework (see pages 17–22), which correspond to the first five worksheet columns. This is followed by a working space with four columns to capture disclosure responses, note remediation gaps, set a remediation timeline and assess compliance. For a deeper understanding of how and why these disclosure topics were selected, and how they align with other leading reporting frameworks, users are encouraged to consult the Purpose Disclosure Guidance Report.
A17: This tool helps preparers compile qualitative and quantitative information, identify reporting gaps, and plan their reporting timeline. It supports readiness for audit or third-party assurance of purpose disclosures.
A19: Instructions
A20: Review the Disclosure Elements and Objectives in the worksheet and provide the requested information. Fill out the reference column. Identify reporting readiness gaps, and plans to address gaps and report progress. Assess whether the Disclosure Element has been fully met, partially met or not met. For context on the Disclosure Elements and Objectives, refer to the Purpose Disclosure Guidance Report.
A22: Preparing a Purpose Disclosure Index
A23: Columns A, C, F and G of the worksheet can be used to create a Purpose Disclosure Index. This Index can be included in a report or published on a website to support transparency and stakeholder access.
A25: Reporters who use a Purpose Disclosure Index may wish to communicate their achievement level. Two options are proposed to communicate the achievement level but only one should be used:
... A55: CPEP extends its appreciation to Works Design for sparking the idea to create this worksheet and for supporting its production.

Sheet Purpose Disclosure Worksheet
A7: Purpose Disclosure Worksheet
A8: A planning tool to support structured, authentic, impactful and auditable purpose reporting
A9: Statement of use: These purpose disclosures represent our FY 20XX performance.
A11: Disclosure Elements | B11: # | C11: Disclosure Objectives | D11: Illustrative Examples | F11: Disclosure Response | G11: Reference | H11: Reporting Readiness Gaps | I11: Remediation Timeline | J11: Compliance
C12: Dark blue - foundational purpose disclosures Light blue - maturing purpose disclosures White - sophisticated purpose disclosures | D12: Qualitative | E12: Quantitative | F12: Describe current state (i.e., qualitative) and/or list relevant indicators or metrics (i.e., quantitative) | G12: Page number in disclosure report and/or external link to additional information | H12: Identify any gaps in actions, results, metrics, data or tracking systems | I12: Include plans and timelines for addressing gaps and reporting progress | J12: Y = Fully met requirement P = Partially met requirement/requires maturity N = Has not met requirement
A13: Purpose Meaning and Development | B13: 1 | C13: The organization’s stated purpose and what it means in specific terms. | D13: Having a purpose statement, and describing what it means. Articulating the specific contribution the organization intends to make to the long-term well-being of people and/or the planet by pursuing its purpose. This could include its theory of change. Including the date the purpose was last revised, along with the nature of and reason for the revision, if relevant. | E13: Include supporting data for the magnitude of the challenges or impacts the purpose seeks to address.
B14: 2 | C14: How the purpose was developed or updated, including the role of stakeholders. | D14: Listing of stakeholder groups engaged to develop or update the purpose, and the nature of their involvement. Explaining how the organization reconciles any tensions or competing interests raised by stakeholders in developing its purpose.
B15: 3 | C15: How users can access purpose disclosures. | D15: Disclosing an index or stated location of the published purpose disclosures, including references to regulatory filings and/or voluntary reports.
A16: Business Model and Prospects | B16: 4 | C16: How the purpose drives the organization’s commercial success. | D16: Describing the commercial prospects from pursuing the purpose (e.g., access to markets or capital, talent recruitment or innovation).
B17: 5 | C17: How the organization leverages, or is changing, its business model to achieve its purpose. | D17: Explaining how the organization transforms inputs, through its business activities, into outputs, outcomes and impacts to fulfill the organization’s purpose. Explaining of the nature, scope and scale of the organization’s competencies, assets, activities and relationships. Describing of any structural changes (acquisitions, divestitures, major re- organizations) to advance the company’s purpose. Offering a diagram of the business model.
B18: 6 | C18: How the organization engages its value chain, relationships and stakeholders to achieve its purpose. | D18: Listing key customers, suppliers, business partners, associations, community organizations, governments and other stakeholders that are critical to realizing the organization’s purpose. Describing of relevant and significant purpose initiatives with key stakeholders in the reporting period. Detailing the measures to engage suppliers and other businesses to adopt a purpose. | E18: Provide the number and percentage of customers and suppliers that the organization has engaged to: a) advance its own purpose, and b) encourage to adopt a purpose.
A19: Strategy | B19: 7 | C19: How any vision statement of the organization reflects its purpose. | D19: Describing the organization’s vision in enough detail to clearly show where it wants to go in relation to its purpose.
B20: 8 | C20: How the organization’s strategic business goals, objectives and targets provide a pathway to realizing the purpose. | D20: Disclosing long-term and interim goals, objectives and targets in the corporate strategy, and showing their relation to the purpose. Describing the process for setting purpose goals, objectives and targets, including the role of the board and stakeholders.
B21: 9 | C21: The commercial and financial impact of the purpose. | D21: Offering a deeper analysis of how pursuit of the purpose relates to commercial and financial success. Including a baseline and forward-looking information, where possible. | E21: Include current and projected: - Size of workforce - $ Revenues - $ Assets - Market share - Share of revenues/income from purpose-focused products and services.
B22: 10 | C22: How the organization resources the purpose financially. | D22: Describing how the purpose is reflected in operational and capital budgeting processes, and investment decisions. Detailing the purpose’s role in research and development. | E22: Provide the proportion of annual capital investment allocated to the realization of the purpose.
A23: Culture and Human Resources | B23: 11 | C23: How the organization aligns its culture with its purpose. | D23: Explaining the link between organizational values, including code of business conduct, and the purpose. Specifying how the purpose is conveyed and reinforced through internal and external communications.
B24: 12 | C24: How the organization integrates its purpose in human resource management. | D24: Detailing how the purpose is reflected in workforce and succession planning, employee recruitment, job descriptions, performance management, training, etc. Offering evidence of employee support for the purpose. | E24: Include employee engagement survey data relevant to the purpose. Disclose the number of employees trained on the organization's purpose.
A25: Governance and Accountability | B25: 13 | C25: How responsibilities for purpose oversight are reflected in board terms of reference, mandates, role descriptions and other related policies. | D25: Confirming whether oversight of the purpose is included as a responsibility in the board’s charter/terms of reference. Clarifying whether the board approved the statement of purpose. Specifying the date of the board’s last review of the purpose. Detailing specific board and committee responsibilities for monitoring purpose integration and achievement.
B26: 14 | C26: How board recruitment, education and evaluation contribute to oversight of the purpose. | D26: Describing how purpose knowledge and experience are reflected in board recruitment, including both purpose governance and purpose subject matter expertise. Specifying how purpose knowledge, integration and progress factors are included in board evaluation. Detailing the purpose and purpose governance education provided to the board. | E26: Specify the number of directors with expertise in purpose governance and/or the purpose subject matter.
B27: 15 | C27: Management’s role in the governance processes, controls and procedures used to monitor, manage and oversee purpose integration and achievement. | D27: Describing the organizational structure and accountability for the integration and achievement of the purpose.
B28: 16 | C28: How purpose integration and achievement are reflected in CEO and executive objectives and incentives. | D28: Describing how purpose integration and achievement are reflected in CEO and executive objectives. Specifying CEO and executive incentive compensation structure, identifying any incentives and disincentives to purpose integration and achievement. | E28: Include the weighting attached to specific aspects of purpose integration and achievement within annual and long-term incentive plans.
A29: Risks and Opportunities | B29: 17 | C29: The significant risks to the achievement of the purpose or arising from the pursuit of the purpose. | D29: Stating the specific risks and description of how they relate to the purpose.
B30: 18 | C30: How the organization identifies and manages significant risks to the purpose (i.e., risks that could affect achievement of its purpose). | D30: Describing the process for identifying, assessing, prioritizing, mitigating and monitoring risks to the achievement of the purpose. Identifying the significant negative externalities arising from the organization’s activities, including in its value chain, that could impede progress on its purpose.
B31: 19 | C31: How the organization identifies and manages significant risks from the organization pursuing its purpose. | D31: Describing the process for identifying, assessing, prioritizing, mitigating and monitoring risks that could arise from the organization’s purpose. Stating any significant short-term financial trade-offs the organization is prepared to accept to achieve its purpose, and explanation of how that investment in the purpose will create value for the organization and over what time frame.
B32: 20 | C32: How the organization identifies and manages significant opportunities for or from the organization’s purpose. | D32: Describing the process for identifying, assessing, prioritizing, implementing and monitoring opportunities that arise due to the purpose.
A33: Measurement | B33: 21 | C33: The description of the organization’s purpose measurement framework for evaluating both purpose integration (process) and purpose achievement (performance). | D33: Identifying performance measures (KPIs). Measurement should cover both the integration of the purpose in the business and progress toward the purpose. Specifying metrics that measure achievement of the purpose that are specific to the purpose of each organization but should draw upon recognized indicator protocols where the goals align to established topics. | E33: Include metrics for integration process that may be found in the Social Purpose Assessment tool of the United Way BC Social Purpose Institute, for example. Metrics for environmental or social purpose outcomes and impact may be found in or derived from metrics in ISSB, GRI or SASB standards, for example.
B34: 22 | C34: The actual results in relation to process and performance targets. | D34: Showing actual results for each KPI in the purpose measurement framework. Demonstrating progress toward achievement of purpose with interim milestones. | E34: Specify measurements or estimates for each metric with comparison to respective targets/milestones and showing trends over time.
B35: 23 | C35: The assumptions, methods and standards that support reliability and promote credibility of metrics. | D35: Offering footnotes, glossary or other supporting information.
B36: 24 | C36: The methods to enhance the quality and credibility of disclosures. | D36: Describing monitoring methods, including the role of internal or external audits or assessments, to support reliability of systems and progress reports. Referencing any independent assurance report. Clarifying any role that stakeholders may have in validating disclosures.

Sheet Scorecard
A5: Purpose Disclosure Scorecard
A6: A tool to track and communicate progress internally
A8: ='Purpose Disclosure Worksheet'!A9 -> Statement of use: These purpose disclosures represent our FY 20XX performance.
A10: Disclosure Elements | B10: # | C10: Disclosure Objectives | D10: Compliance
C11: Dark blue - foundational purpose disclosures Light blue - maturing purpose disclosures White - sophisticated purpose disclosures | D11: Y = Fully met requirement P = Partially met requirement/requires maturity N = Has not met requirement
A12: Purpose Meaning and Development | B12: 1 | C12: The organization’s stated purpose and what it means in specific terms. | D12: =IF('Purpose Disclosure Worksheet'!J13=FALSE," ",'Purpose Disclosure Worksheet'!J13)
B13: 2 | C13: How the purpose was developed or updated, including the role of stakeholders. | D13: =IF('Purpose Disclosure Worksheet'!J14=FALSE," ",'Purpose Disclosure Worksheet'!J14)
B14: 3 | C14: How users can access purpose disclosures. | D14: =IF('Purpose Disclosure Worksheet'!J15=FALSE," ",'Purpose Disclosure Worksheet'!J15)
A15: Business Model and Prospects | B15: 4 | C15: How the purpose drives the organization’s commercial success. | D15: =IF('Purpose Disclosure Worksheet'!J16=FALSE," ",'Purpose Disclosure Worksheet'!J16)
B16: 5 | C16: How the organization leverages, or is changing, its business model to achieve its purpose. | D16: =IF('Purpose Disclosure Worksheet'!J17=FALSE," ",'Purpose Disclosure Worksheet'!J17)
B17: 6 | C17: How the organization engages its value chain, relationships and stakeholders to achieve its purpose. | D17: =IF('Purpose Disclosure Worksheet'!J18=FALSE," ",'Purpose Disclosure Worksheet'!J18)
A18: Strategy | B18: 7 | C18: How any vision statement of the organization reflects its purpose. | D18: =IF('Purpose Disclosure Worksheet'!J19=FALSE," ",'Purpose Disclosure Worksheet'!J19)
B19: 8 | C19: How the organization’s strategic business goals, objectives and targets provide a pathway to realizing the purpose. | D19: =IF('Purpose Disclosure Worksheet'!J20=FALSE," ",'Purpose Disclosure Worksheet'!J20)
B20: 9 | C20: The commercial and financial impact of the purpose. | D20: =IF('Purpose Disclosure Worksheet'!J21=FALSE," ",'Purpose Disclosure Worksheet'!J21)
B21: 10 | C21: How the organization resources the purpose financially. | D21: =IF('Purpose Disclosure Worksheet'!J22=FALSE," ",'Purpose Disclosure Worksheet'!J22)
A22: Culture and Human Resources | B22: 11 | C22: How the organization aligns its culture with its purpose. | D22: =IF('Purpose Disclosure Worksheet'!J23=FALSE," ",'Purpose Disclosure Worksheet'!J23)
B23: 12 | C23: How the organization integrates its purpose in human resource management. | D23: =IF('Purpose Disclosure Worksheet'!J24=FALSE," ",'Purpose Disclosure Worksheet'!J24)
A24: Governance and Accountability | B24: 13 | C24: How responsibilities for purpose oversight are reflected in board terms of reference, mandates, role descriptions and other related policies. | D24: =IF('Purpose Disclosure Worksheet'!J25=FALSE," ",'Purpose Disclosure Worksheet'!J25)
B25: 14 | C25: How board recruitment, education and evaluation contribute to oversight of the purpose. | D25: =IF('Purpose Disclosure Worksheet'!J26=FALSE," ",'Purpose Disclosure Worksheet'!J26)
B26: 15 | C26: Management’s role in the governance processes, controls and procedures used to monitor, manage and oversee purpose integration and achievement. | D26: =IF('Purpose Disclosure Worksheet'!J27=FALSE," ",'Purpose Disclosure Worksheet'!J27)
B27: 16 | C27: How purpose integration and achievement are reflected in CEO and executive objectives and incentives. | D27: =IF('Purpose Disclosure Worksheet'!J28=FALSE," ",'Purpose Disclosure Worksheet'!J28)
A28: Risks and Opportunities | B28: 17 | C28: The significant risks to the achievement of the purpose or arising from the pursuit of the purpose. | D28: =IF('Purpose Disclosure Worksheet'!J29=FALSE," ",'Purpose Disclosure Worksheet'!J29)
B29: 18 | C29: How the organization identifies and manages significant risks to the purpose (i.e., risks that could affect achievement of its purpose). | D29: =IF('Purpose Disclosure Worksheet'!J30=FALSE," ",'Purpose Disclosure Worksheet'!J30)
B30: 19 | C30: How the organization identifies and manages significant risks from the organization pursuing its purpose. | D30: =IF('Purpose Disclosure Worksheet'!J31=FALSE," ",'Purpose Disclosure Worksheet'!J31)
B31: 20 | C31: How the organization identifies and manages significant opportunities for or from the organization’s purpose. | D31: =IF('Purpose Disclosure Worksheet'!J32=FALSE," ",'Purpose Disclosure Worksheet'!J32)
A32: Measurement | B32: 21 | C32: The description of the organization’s purpose measurement framework for evaluating both purpose integration (process) and purpose achievement (performance). | D32: =IF('Purpose Disclosure Worksheet'!J33=FALSE," ",'Purpose Disclosure Worksheet'!J33)
B33: 22 | C33: The actual results in relation to process and performance targets. | D33: =IF('Purpose Disclosure Worksheet'!J34=FALSE," ",'Purpose Disclosure Worksheet'!J34)
B34: 23 | C34: The assumptions, methods and standards that support reliability and promote credibility of metrics. | D34: =IF('Purpose Disclosure Worksheet'!J35=FALSE," ",'Purpose Disclosure Worksheet'!J35)
B35: 24 | C35: The methods to enhance the quality and credibility of disclosures. | D35: =IF('Purpose Disclosure Worksheet'!J36=FALSE," ",'Purpose Disclosure Worksheet'!J36)
C37: Degree of alignment
C38: Number of disclosures | D38: Percentage of disclosures
B39: Fully met requirement (Y) | C39: =COUNTIF(D12:D35,"Y") -> 0 | D39: =C39/24 -> 0
B40: Partially met requirement/requires maturity (P) | C40: =COUNTIF(D12:D35,"P") -> 0 | D40: =C40/24 -> 0
B41: Not met requirement (N) | C41: =COUNTIF(D12:D35,"N") -> 0 | D41: =C41/24 -> 0

Sheet References
A1: Referenced documents and resources
A2: Purpose Disclosure Guidance Report (Framework)
A3: Purpose Diagnostic Tool
